 Dungeon Crawl Stone Soup version 0.29.1-1-gd02db6906a (webtiles) character file.

Game seed: 18161113601185156613

3137 Sanktem7 the Fighter (level 9, -9/90 HPs)
             Began as a Minotaur Fighter on Oct 2, 2022.
             Was a Believer of Trog.
             Shot with a bolt by an orc warrior (23 damage)
             ... in a bailey.
             The game lasted 00:15:33 (8763 turns).

Sanktem7 the Fighter (Minotaur Fighter)             Turns: 8763, Time: 00:15:33

Health: -9/90      AC: 11    Str: 25    XL:     9   Next: 61%
Magic:  8/8        EV:  9    Int:  5    God:    Trog [**....]
Gold:   570        SH:  4    Dex: 10    Spells: 8/8 levels left

rFire   x . .      SeeInvis .   a - +3 war axe {axe}
rCold   + + .      Faith    .   c - +0 buckler
rNeg    . . .      Spirit   .   b - +0 scale mail
rPois   .          Reflect  .   (helmet restricted)
rElec   .          Harm     .   (no cloak)
rCorr   .          Rampage  .   h - +0 pair of gloves
Will    .....                   k - +2 pair of boots
Stlth   ..........              (no amulet)
HPRegen 0.25/turn               K - ring of ice
MPRegen 0.11/turn               s - ring of protection from cold

@: no status effects
A: horns 2, retaliatory headbutt
a: Renounce Religion, Berserk, Trog's Hand


You were in a bailey.
You worshipped Trog.
Trog was pleased with you.
You visited 1 branch of the dungeon, and saw 9 of its levels.
You also visited: Ossuary and Bailey.

You collected 630 gold pieces.
You spent 60 gold pieces at shops.


Innate Abilities, Weirdness & Mutations

You have a pair of horns on your head.
You reflexively headbutt those who attack you in melee.


   Skills:
 * Level 11.9 Fighting
 * Level 11.6 Axes
 - Level 3.6 Armour
 - Level 3.6 Shields


You had 8 spell levels left.
You didn't know any spells.
Your spell library contained the following spells:

 Spells                   Type           Power      Damage    Failure   Level
 Apportation              Tloc           0%         N/A       86%         1
 Sandblast                Erth           0%         2d4       86%         1
 Summon Small Mammal      Summ           0%         N/A       86%         1
 Ensorcelled Hibernation  Hex/Ice        0%         N/A       94%         2
 Passwall                 Tmut/Erth      0%         N/A       94%         2
 Call Canine Familiar     Summ           0%         N/A       99%         3
 Spider Form              Tmut/Pois      0%         N/A       99%         3
 Stone Arrow              Conj/Erth      0%         3d7       99%         3
 Summon Guardian Golem    Hex/Summ       0%         N/A       99%         3
 Anguish                  Hex/Necr       0%         N/A       100%        4
 Animate Armour           Summ/Erth      0%         N/A       100%        4
 Alistair's Intoxication  Tmut/Pois      0%         N/A       100%        5
 Blade Hands              Tmut           0%         N/A       100%        5
 Iskenderun's Battlesphe  Conj           0%         2d6       100%        5
 Iron Shot                Conj/Erth      0%         9d1       100%        6
 Spellforged Servitor     Conj/Summ      0%         N/A       100%        7

Inventory:

Hand Weapons
 a - a +3 war axe (weapon) {axe}
 p - a +0 dagger of venom {short}
   (You took it off an orc on level 8 of the Dungeon)
Missiles
 e - 106 stones (quivered) {throwing}
 i - 6 boomerangs {throwing}
 n - 7 poisoned darts {throwing}
Armour
 b - a +0 scale mail (worn)
 c - a +0 buckler (worn)
 h - a +0 pair of gloves (worn)
   (You found it on level 1 of the Dungeon)
 k - a +2 pair of boots (worn)
   (You found it on level 1 of the Dungeon)
 B - an orb of guile
   (You found it on level 6 of the Dungeon)
Jewellery
 s - a ring of protection from cold (right hand)
   (You found it on level 9 of the Dungeon)
 K - a ring of ice (left hand)
   (You found it on level 7 of the Dungeon)
Wands
 H - a wand of acid (8)
   (You found it on level 7 of the Dungeon)
Scrolls
 f - a scroll of blinking {!r}
 j - 3 scrolls of magic mapping {!r}
 l - 3 scrolls of amnesia
 q - 2 scrolls of silence {!r}
 t - a scroll of teleportation {@r4}
 u - 3 scrolls of fog
 y - a scroll of enchant weapon
 A - a scroll of immolation {!r!r}
 F - a scroll of torment {!r}
 J - a scroll of fear
Potions
 d - 3 potions of might
 g - a potion of invisibility {unknown}
 m - 2 potions of curing {@q1}
 o - a potion of heal wounds {unknown}
 r - 5 potions of degeneration {!q@e2}
 z - a potion of flight
 C - 3 potions of attraction {!q}
 D - a potion of haste {unknown}

Dungeon Overview and Level Annotations

Branches:
Dungeon (9/15) Zot: 26781  Temple (0/1) D:6         Ossuary (visited)
 Bailey (1/1) Zot: 5824
   Lair: D:8-11         Orc: D:9-12

Altars:
Dithmenos
Trog
Xom
The Shining One

Shops:
D:4

!*:(!
#####################
#∩...................
#.∩..................
#....................
#....................
#......≈≈≈≈≈.........
#.....≈≈###≈≈@.......
#.....≈##.##≈........
#.....≈#..oo.o.......
#.....≈##.o#≈........
.... #.##≈......##
≈≈. ≈≈...#### ...
.....## .. ....##
.....#


You could see 2 orc warriors and 2 orcs.


Message History

The orc hits you with a +0 halberd.
* * * LOW HITPOINT WARNING * * *
You see here a +0 short sword {short}. 😨 HP[-2]
You take 2 damage, and now have 36/90 hp.
You closely miss the orc. You block the orc's attack.
You slash the orc!
You kill the orc!
Trog accepts your kill. 😨 HP[+1]
e - 106 stones {throwing} (gained 7)
You see here a +0 halberd {polearm}.
You start resting.
You hear the faint creaking of a portcullis. 😮 HP[+10]
You regained 10 hp, and now have 47/90 hp.
Found two spears and a halberd.
Found a flagged portal. 😮 HP[+1] 😮 HP[+1]
You see here a +0 hand axe {axe}.
s - a ring of protection from cold 😮 HP[+1]
You see here a +0 halberd {polearm}.
There is a flagged portal here.
The world spins around you as you enter the gateway.
You enter a bailey!
Found a gate leading back out of this place.
There is an empty arch of ancient stone here. 😮 HP[+1]
s - a ring of protection from cold (right hand)
An orc and an orc warrior come into view.
The orc shouts!
The orc warrior shouts!
You hear a shout! 😎 HP[+39]
Your hp is fully restored (90).
There are monsters nearby!
No reachable target in view!
There are monsters nearby!
There are monsters nearby!
Found a gate leading back out of this place.
An orc warrior comes into view. It is wielding a +0 arbalest.
The orc warrior shouts!
An orc comes into view. It is wielding a +0 arbalest.
The orc shouts!
The orc warrior shoots a bolt.
The bolt hits you. 😕 HP[-5]
You take 5 damage, and now have 85/90 hp.
The orc warrior shoots a bolt.
The bolt hits you! 😕 HP[-6]
You take 6 damage, and now have 79/90 hp.
The orc warrior shoots a bolt.
The bolt hits you! 😮 HP[-16]
You take 16 damage, and now have 63/90 hp.
The orc warrior shoots a bolt.
The bolt hits you!
The orc warrior shoots a bolt.
You block the bolt. 😮 HP[-13]
You take 13 damage, and now have 50/90 hp.
The orc warrior shoots a bolt.
The bolt closely misses you.
The orc warrior shoots a bolt.
The bolt hits you!
* * * LOW HITPOINT WARNING * * *
😨 HP[-15]
You take 15 damage, and now have 35/90 hp.
The orc warrior shoots a bolt.
The bolt hits you!!
* * * LOW HITPOINT WARNING * * *
The orc warrior unwields a +0 arbalest.
You block the orc warrior's attack. 😱 HP[-18]
You take 18 damage, and now have 17/90 hp.
Why would you want to do that? Why would you want to do that?
Why would you want to do that? Why would you want to do that?
Why would you want to do that?
You slash the orc warrior!
The orc warrior shoots a bolt.
The bolt barely misses you.
The orc warrior hits you but does no damage.
You miss the orc warrior.
The orc warrior shoots a bolt.
The bolt closely misses you. The orc warrior hits you!
* * * LOW HITPOINT WARNING * * *
😱 HP[-9]
You take 9 damage, and now have 8/90 hp.
You completely miss the orc warrior. The orc warrior hits you.
* * * LOW HITPOINT WARNING * * *
😱 HP[-4]
You take 4 damage, and now have 4/90 hp.
You feel better.
The orc warrior shoots a bolt.
You block the bolt. 😱 HP[+10]
You regained 10 hp, and now have 14/90 hp.
You barely miss the orc warrior.
The orc warrior shoots a bolt.
The bolt hits you.
* * * LOW HITPOINT WARNING * * *
The orc warrior barely misses you. 😱 HP[-5]
You take 5 damage, and now have 9/90 hp.
You feel better.
The orc warrior shoots a bolt.
The bolt hits you.
* * * LOW HITPOINT WARNING * * *
The orc warrior barely misses you. 😱 HP[+5]
You regained 5 hp, and now have 14/90 hp.
Why would you want to do that?
The orc warrior shoots a bolt.
The bolt hits you!!
You die...

Skill      XL: |  1  2  3  4  5  6  7  8  9 |
---------------+----------------------------+-----
Fighting       | 4 6 7 8 10 11 | 11.9
Axes           | 3 4 5 6 8 10 11 | 11.6
Armour         | |  3.6
Shields        | |  3.6

Action                   |  1- 3 |  4- 6 |  7- 9 || total
-------------------------+-------+-------+-------++-------
Melee: War axe           |    74 |    92 |   204 ||   370
       Headbutt          |    11 |    11 |    25 ||    47
  Use: Scroll            |     4 |       |    15 ||    19
       Potion            |       |       |    11 ||    11
Armor: Scale mail        |    31 |    65 |   102 ||   198
Dodge: Dodged            |    21 |    66 |   114 ||   201
Block: Buckler           |    22 |    25 |    53 ||   100

Levels and vault maps discovered:
D:1:      scummos_arrival_hexagon, layout_loops_ring,
          shapermc_ecumenical_altar_starsandcircs
D:2:      layout_basic, basic_altar, minmay_ruptured
D:3:      layout_loops_ring, uniq_robin
D:4:      layout_rooms, amethyst_overflow_temple_binary, serial_shops,
          nicolae_square_shop, hangedman_decor_push, minmay_shop_grid_forest,
          uniq_blork_the_orc, uniq_natasha
D:5:      layout_rooms, enter_ossuary_4
D:6:      layout_loops_ring, lemuel_temple_firewalk_b, uniq_sigmund
D:7:      layout_basic, st_stairs_14, minivault_11
D:8:      layout_loops_ring, mainiacjoe_overflow_concentric_impassable
D:9:      wander_river, layout_long_grid, enter_bailey_2, uniq_prince_ribbit1
Bailey:   bailey_polearm_2, bailey

Notes
Turn   | Place    | Note
-------+----------+-------------------------------------------
     0 | D:1      | Sanktem7 the Minotaur Fighter began the quest for the Orb.
     0 | D:1      | Reached XP level 1. HP: 19/19 MP: 0/0
     0 | D:1      | magus.rc [v1.9.6]
   182 | D:1      | Reached skill level 4 in Fighting
   199 | D:1      | Reached XP level 2. HP: 26/27 MP: 1/1
   203 | D:1      | Reached skill level 3 in Axes
   263 | D:1      | Found a faded altar of an unknown god.
   279 | D:1      | You pick up a book of Callings and begin reading...
   279 | D:1      | You add the spells Summon Small Mammal, Call Canine
                  | Familiar and Summon Guardian Golem to your library.
   838 | D:2      | You pick up a book of Iron and begin reading...
   838 | D:2      | You add the spells Animate Armour, Blade Hands and Iron
                  | Shot to your library.
   869 | D:2      | Reached XP level 3. HP: 29/34 MP: 2/2
  1280 | D:2      | Found a shimmering altar of Xom.
  1323 | D:2      | You pick up a book of Power and begin reading...
  1323 | D:2      | You add the spells Iskenderun's Battlesphere and
                  | Spellforged Servitor to your library.
  1464 | D:2      | Reached skill level 4 in Axes
  1781 | D:3      | Noticed Robin
  1783 | D:3      | Killed Robin
  1784 | D:3      | Reached XP level 4. HP: 39/41 MP: 3/3
  1790 | D:3      | Reached skill level 5 in Fighting
  2204 | D:3      | You pick up a book of Dreams and begin reading...
  2204 | D:3      | You add the spells Ensorcelled Hibernation, Spider Form and
                  | Anguish to your library.
  2443 | D:4      | Found Picelit's Antique Weapon Emporium.
  2445 | D:4      | Found Luthreuni's Book Emporium.
  2445 | D:4      | Found Ynuemacu's General Store.
  2452 | D:4      | Found Uczepp's Distillery.
  2523 | D:4      | Bought 2 potions of curing for 60 gold pieces
  2536 | D:4      | Noticed a black bear
  2548 | D:4      | Killed a black bear
  2549 | D:4      | Reached skill level 6 in Fighting
  2549 | D:4      | Reached skill level 5 in Axes
  2549 | D:4      | Reached XP level 5. HP: 45/50 MP: 4/4
  2614 | D:4      | Noticed Blork the orc
  2795 | D:4      | Killed Blork the orc
  2796 | D:4      | Reached XP level 6. HP: 49/58 MP: 5/5
  2915 | D:4      | Found Kumyten's Distillery.
  2944 | D:4      | Noticed Natasha
  2952 | D:4      | Reached skill level 6 in Axes
  2958 | D:4      | Killed Natasha
  3137 | D:4      | Noticed Natasha
  3141 | D:4      | Killed Natasha
  3151 | D:4      | Found a bloodstained altar of Trog.
  3158 | D:4      | Found a glowing golden altar of the Shining One.
  3209 | D:4      | Became a worshipper of Trog the Wrathful
  3313 | D:4      | Noticed Natasha
  3321 | D:4      | Killed Natasha
  3322 | D:4      | Reached skill level 7 in Fighting
  3420 | D:5      | Entered Level 5 of the Dungeon
  3467 | D:4      | Reached XP level 7. HP: 20/66 MP: 6/6
  3695 | D:5      | Reached skill level 7 in Axes
  3794 | D:5      | Reached skill level 8 in Fighting
  3807 | D:5      | Found a sand-covered staircase.
  3815 | Ossuary  | Entered an ossuary
  3916 | Ossuary  | HP: 17/68 [mummy (13)]
  3917 | Ossuary  | Reached * piety under Trog
  4427 | Ossuary  | Gained mutation: You have sharp fingernails. [potion of
                  | mutation]
  4427 | Ossuary  | Gained mutation: Your skin changes colour to match your
                  | surroundings (Stealth+). [potion of mutation]
  4427 | Ossuary  | Gained mutation: You have hidden genetic potential. [potion
                  | of mutation]
  4560 | D:5      | Reached skill level 8 in Axes
  4686 | D:5      | You fall into a shaft and drop 3 floors!
  4727 | D:8      | Noticed a steam dragon
  4731 | D:8      | Killed a steam dragon
  4732 | D:8      | Reached XP level 8. HP: 61/75 MP: 7/7
  4848 | D:7      | Reached skill level 9 in Fighting
  5086 | D:6      | Reached skill level 9 in Axes
  5121 | D:6      | You pick up a book of Party Tricks {forbidden} and begin
                  | reading...
  5121 | D:6      | You add the spells Apportation and Alistair's Intoxication
                  | to your library.
  5285 | D:6      | Noticed Sigmund
  5288 | D:6      | Killed Sigmund
  5307 | D:6      | Gained mutation: You have sharp toenails. [hidden
                  | potential]
  5578 | D:6      | Reached skill level 10 in Fighting
  5733 | D:6      | Found a staircase to the Ecumenical Temple.
  5942 | D:5      | HP: 19/79 [gnoll sergeant/+1 trident of protection (10)]
  6204 | D:5      | Reached skill level 10 in Axes
  6311 | D:5      | You pick up a book of Geomancy {forbidden} and begin
                  | reading...
  6311 | D:5      | You add the spells Sandblast, Passwall and Stone Arrow to
                  | your library.
  6473 | D:7      | Reached XP level 9. HP: 86/86 MP: 8/8
  6771 | D:7      | Reached ** piety under Trog
  7285 | D:8      | Reached skill level 11 in Fighting
  7316 | D:8      | Gained mutation: You have a pair of large horns on your
                  | head. [hidden potential]
  7316 | D:8      | Lost mutation: You have hidden genetic potential. [hidden
                  | potential expressed]
  7625 | D:8      | Lost mutation: You have sharp toenails. [potion of
                  | mutation]
  7625 | D:8      | Lost mutation: Your skin changes colour to match your
                  | surroundings (Stealth+). [potion of mutation]
  7625 | D:8      | Lost mutation: You have a pair of large horns on your head.
                  | [potion of mutation]
  7625 | D:8      | Gained mutation: Your spells are a little harder to cast,
                  | but a little more powerful. [potion of mutation]
  7625 | D:8      | Gained mutation: Your muscles are strong. (Str +4, Int/Dex
                  | -1) [potion of mutation]
  7626 | D:8      | Lost mutation: You have sharp fingernails. [potion of
                  | mutation]
  7626 | D:8      | Lost mutation: Your spells are a little harder to cast, but
                  | a little more powerful. [potion of mutation]
  7626 | D:8      | Lost mutation: Your muscles are strong. (Str +4, Int/Dex
                  | -1) [potion of mutation]
  7703 | D:8      | Reached skill level 11 in Axes
  7889 | D:8      | Found a shadowy altar of Dithmenos.
  8575 | D:9      | Found a flagged portal.
  8587 | Bailey   | Entered a bailey
  8756 | Bailey   | HP: 17/90 [orc warrior/bolt (19)]
  8758 | Bailey   | HP: 8/90 [orc warrior (9)]
  8763 | Bailey   | Shot with a bolt by an orc warrior

Vanquished Creatures
  Sigmund (D:6)
  A steam dragon (D:8)
  2 water moccasins
  3 black bears
  2 orc warriors
  An ogre (D:6)
  2 centaurs
  A phantom (D:7)
  A kobold brigand (D:4)
  Blork the orc (D:4)
  5 scorpions
  A gnoll sergeant (D:5)
  6 killer bees (D:8)
  5 howler monkeys
  6 orc priests
  A jelly (D:4)
  3 hounds
  7 orc wizards
  Natasha (thrice) (D:4)
  An iguana (D:5)
  8 mummies (Ossuary)
  Robin (D:3)
  5 gnolls
  2 adders
  3 white imps
  4 ufetubi
  A worm (D:2)
  6 dart slugs
  24 orcs
  7 bats
  3 endoplasms (D:4)
  6 giant cockroaches
  2 gnoll zombies (Ossuary)
  11 goblins
  9 hobgoblins
  3 jackals
  8 kobolds
  3 quokkas
  3 ball pythons
  A frilled lizard (D:1)
  3 hobgoblin zombies (Ossuary)
  2 kobold zombies (Ossuary)
  An orc zombie (Ossuary)
  A quokka zombie (D:5)
  7 rats
  A rat zombie (D:5)
178 creatures vanquished.

Table legend:
 A = Non-vault XP
 B = Vault XP
 C = Vault XP percentage of total XP
 D = Non-vault monster count
 E = Vault monster count
 F = Vault count percentage of total count
                 A         B        C        D         E       F
            +---------+---------+-------+---------+---------+-------
      Total |    3897 |     585 |  13.1 |     146 |      32 |  18.0
            +---------+---------+-------+---------+---------+-------
        D:1 |      32 |       0 |   0.0 |      19 |       0 |   0.0
        D:2 |      50 |       4 |   7.4 |      17 |       2 |  10.5
        D:3 |      12 |      29 |  70.7 |       6 |       8 |  57.1
        D:4 |     498 |     131 |  20.8 |      26 |       2 |   7.1
        D:5 |     710 |       2 |   0.3 |      26 |       2 |   7.1
        D:6 |     519 |     226 |  30.3 |      10 |       1 |   9.1
        D:7 |     486 |      40 |   7.6 |       8 |       1 |  11.1
        D:8 |    1070 |       0 |   0.0 |      26 |       0 |   0.0
        D:9 |     520 |       0 |   0.0 |       8 |       0 |   0.0
    Ossuary |       0 |     153 | 100.0 |       0 |      16 | 100.0
            +---------+---------+-------+---------+---------+-------

Illustrated notes

Table legend:
 A = Kills in this place as a percentage of kills in entire the game.
 B = Kills by you in this place as a percentage of kills by you in the entire game.
 C = Kills by friends in this place as a percentage of kills by friends in the entire game.
 D = Other kills in this place as a percentage of other kills in the entire game.
 E = Experience gained in this place as a percentage of experience gained in the entire game.
 F = Experience gained in this place divided by the number of levels of this place that you have seen.
                   A       B       C       D       E      F
               +-------+-------+-------+-------+-------+----------------------
         Total | 100.0 | 100.0 |   N/A |   N/A | 100.0 | 407.5
       Dungeon |  91.0 |  91.0 |   N/A |   N/A |  96.6 | 481.0
       Ossuary |   9.0 |   9.0 |   N/A |   N/A |   3.4 | 153.0
               +-------+-------+-------+-------+-------+----------------------

Table legend: (Time is in decaauts)
 A = Elapsed time spent in this place.
 B = Non-inter-level travel time spent in this place.
 C = Inter-level travel time spent in this place.
 D = Time resting spent in this place.
 E = Time spent auto-exploring this place.
 F = Levels seen in this place.
 G = Mean time per level.
                   A        B        C        D        E       F      G
               +--------+--------+--------+--------+--------+-----+--------+
         Total |   8830 |   8475 |    355 |   1087 |   6055 |  11 |  802.7 |
       Dungeon |   7982 |   7627 |    355 |    813 |   5670 |   9 |  886.9 |
       Ossuary |    673 |    673 |      0 |    274 |    227 |   1 |  673.0 |
        Bailey |    175 |    175 |      0 |      0 |    158 |   1 |  175.0 |
               +--------+--------+--------+--------+--------+-----+--------+

Top non-repeatable levels by time:
     D:6: 1219 daAuts
     D:8: 1192 daAuts
     D:4: 1087 daAuts
     D:7: 1009 daAuts
     D:2: 988 daAuts
     D:3: 827 daAuts
     D:1: 820 daAuts
 Ossuary: 673 daAuts
     D:5: 618 daAuts
     D:9: 218 daAuts
  Bailey: 175 daAuts
